 Dungeon Crawl Stone Soup version 0.20.1-1-g8b1a95d (webtiles) character file.

6453 paul70078 the Grappler (level 10, -9/94 HPs)
             Began as a Troll Fighter on Oct 3, 2017.
             Mangled by an eight-headed hydra (14 damage)
             ... on level 10 of the Dungeon.
             The game lasted 00:39:08 (7016 turns).

paul70078 the Grappler (Troll Fighter)              Turns: 7016, Time: 00:39:09

Health: -9/94      AC:  6    Str: 31    XL:     10   Next: 67%
Magic:  9/9        EV: 11    Int:  4    God:
Gold:   597        SH: 10    Dex: 10    Spells: 9/9 levels left

rFire    . . .     SeeInvis .     - Unarmed
rCold    . . .     Gourm    +   b - +0 shield
rNeg     . . .     Faith    .   a - +1 robe
rPois    .         Spirit   .   (helmet restricted)
rElec    .         Reflect  .   (no cloak)
rCorr    .         Harm     .   (gloves unavailable)
MR       .....                  (boots unavailable)
Stlth    ++........             e - amulet of rage
Regen    0.7/turn               J - +3 ring of strength
MPRegen  0.2/turn               (no ring)

@: no status effects
A: unfitting armour, claws 3, fast metabolism 3, gourmand, regeneration 1,
shaggy fur 1, tough skin 2
a: Evoke Berserk Rage


You were on level 10 of the Dungeon.
You were completely stuffed.

You visited 1 branch of the dungeon, and saw 10 of its levels.

You collected 597 gold pieces.

Inventory:

Armour
 a - a +1 robe (worn)
 b - a +0 shield (worn)
Jewellery
 e - an amulet of rage (around neck)
 J - a +3 ring of strength (left claw)
Wands
 z - a wand of enslavement (5/24)
 C - a wand of random effects (30/48)
 D - a wand of disintegration (8/24)
 F - a wand of random effects (26/48)
 I - a wand of random effects (21/48)
Scrolls
 h - 2 scrolls of immolation
 m - a scroll of enchant weapon
 n - a scroll of magic mapping
 r - 5 scrolls of teleportation
 s - 4 scrolls of fear
 v - a scroll of amnesia
 y - 6 scrolls of remove curse
 A - 3 scrolls of recharging {unknown}
 G - a scroll of summoning {unknown}
Potions
 c - 2 potions of might
 f - 4 potions of berserk rage
 g - 2 potions of ambrosia
 i - 4 potions of agility {unknown}
 j - 2 potions of heal wounds
 k - 3 potions of flight {unknown}
 p - 3 potions of invisibility
 t - 2 potions of brilliance {unknown}
 w - a potion of haste {unknown}
 x - 2 potions of lignification {unknown}
 B - a potion of mutation {unknown}
 E - a potion of curing
Books
 u - a book of Frost

   Spells                             Type                      Level
   a - Freeze                         Ice                          1
   b - Throw Frost                    Conjuration/Ice              2
   c - Ozocubu's Armour               Charms/Ice                   3
   d - Throw Icicle                   Conjuration/Ice              4
   e - Summon Ice Beast               Ice/Summoning                4
Comestibles
 d - 4 bread rations
 l - 2 fruits
 o - 8 royal jellies
 q - 5 chunks of flesh


   Skills:
 + Level 4.4 Fighting
 + Level 6.7 Dodging
 + Level 2.6 Stealth
 + Level 5.9 Shields
 + Level 11.3 Unarmed Combat


You had 9 spell levels left.
You didn't know any spells.

Dungeon Overview and Level Annotations

Branches:
Dungeon (10/15)            Temple (0/1) D:6
   Lair: D:8-11         Orc: D:9-12

Altars:
Ashenzari
Dithmenos

Annotations:
D:3 letownia's ghost, novice OpTm


Innate Abilities, Weirdness & Mutations

You are too large for most types of armour.
You have claws for hands.
Your metabolism is lightning-fast.
You like to eat raw meat.
Your natural rate of healing is unusually fast.
You are covered in fur. (AC +1)
You have very tough skin. (AC +2)


Message History

The seven-headed hydra bites you but does no damage.
The seven-headed hydra bites you.
The seven-headed hydra completely misses you.
The seven-headed hydra bites you! The seven-headed hydra bites you. x2
The seven-headed hydra bites you!
You claw one of the seven-headed hydra's heads off!
The six-headed hydra grows two more!
You mangle the eight-headed hydra!!
The eight-headed hydra is heavily wounded.
You block the eight-headed hydra's attack.
The eight-headed hydra bites you but does no damage.
The eight-headed hydra bites you! The eight-headed hydra bites you.
* * * LOW HITPOINT WARNING * * *
The eight-headed hydra bites you!
* * * LOW HITPOINT WARNING * * *
The eight-headed hydra bites you.
* * * LOW HITPOINT WARNING * * *
The eight-headed hydra bites you!
* * * LOW HITPOINT WARNING * * *
The eight-headed hydra bites you!
You die...

#...... #......
#..... #..... ##
#...# ...##[.†#
........#
.......Y########
......YYD@.....#
..###..J##.....# #
########....(#
#............#
#............#
#............#
########...##.....#
##....###...##.....#
#......#...........#


You could see an eight-headed hydra, 3 yaks and a jelly.

Vanquished Creatures
  A two-headed ogre (D:9)
  The ghost of Patr1k the Chopper, a novice GrFi of Trog (D:6)
  Grinder (D:6)
  A wyvern (D:9)
  9 yaks (D:9)
  A soldier ant (D:8)
  A water moccasin (D:8)
  An orc warrior (D:8)
  2 ice beasts
  A phantom (D:9)
  An ogre (D:4)
  4 centaurs
  3 big kobolds
  4 bullfrogs
  3 scorpions
  12 killer bees
  4 howler monkeys
  3 bullfrog zombies
  6 crimson imps
  2 centaur skeletons
  A hound (D:8)
  5 jellies
  2 orc priests
  Crazy Yiuf (D:6)
  A gnoll shaman (D:6)
  9 orc wizards
  6 iguanas
  7 worker ants
  A worker ant zombie (D:4)
  A howler monkey skeleton (D:8)
  7 adders
  8 gnolls
  An adder zombie (D:7)
  4 adder skeletons
  A worm (D:4)
  A dart slug (D:1)
  7 leopard geckos
  18 orcs
  8 bats
  6 giant cockroaches
  3 goblins
  10 hobgoblins
  18 jackals
  13 kobolds
  7 quokkas
  3 ball pythons
  7 frilled lizards
  A leopard gecko skeleton (D:5)
  2 quokka skeletons
  2 rats
  2 plants (D:2)
224 creatures vanquished.

Notes
Turn   | Place    | Note
-------+----------+-------------------------------------------
     0 | D:1      | paul70078 the Troll Fighter began the quest for the Orb.
     0 | D:1      | Reached XP level 1. HP: 22/22 MP: 0/0
    76 | D:1      | Reached XP level 2. HP: 29/29 MP: 1/1
   564 | D:2      | Reached XP level 3. HP: 36/36 MP: 2/2
  1391 | D:3      | Noticed letownia's ghost (novice OpTm)
  1403 | D:2      | Reached XP level 4. HP: 17/44 MP: 3/3
  1463 | D:3      | Reached skill level 3 in Unarmed Combat
  1474 | D:3      | Reached XP level 5. HP: 35/52 MP: 4/4
  1882 | D:3      | Found a faded altar of an unknown god.
  2133 | D:4      | Noticed an ogre
  2144 | D:4      | Killed an ogre
  2144 | D:4      | Reached skill level 4 in Unarmed Combat
  2144 | D:4      | Reached XP level 6. HP: 25/61 MP: 5/5
  2550 | D:5      | Entered Level 5 of the Dungeon
  2700 | D:5      | Noticed an ice beast
  2709 | D:5      | Killed an ice beast
  2709 | D:5      | Reached skill level 1 in Stealth
  2709 | D:5      | Reached skill level 5 in Unarmed Combat
  2709 | D:5      | Reached XP level 7. HP: 30/67 MP: 6/6
  3025 | D:5      | Found a shadowy altar of Dithmenos.
  3864 | D:6      | Noticed Patr1k's ghost (novice GrFi)
  3868 | D:6      | Reached skill level 6 in Unarmed Combat
  3889 | D:6      | Killed Patr1k's ghost
  3889 | D:6      | Reached XP level 8. HP: 17/76 MP: 7/7
  4059 | D:6      | Reached skill level 7 in Unarmed Combat
  4377 | D:6      | Noticed Grinder
  4385 | D:6      | Paralysed by Grinder for 2 turns
  4393 | D:6      | Killed Grinder
  4393 | D:6      | Reached skill level 5 in Dodging
  4403 | D:6      | Found a staircase to the Ecumenical Temple.
  4434 | D:6      | Found a runed door.
  4606 | D:6      | Reached skill level 8 in Unarmed Combat
  4648 | D:6      | Noticed Crazy Yiuf
  4660 | D:6      | Killed Crazy Yiuf
  4660 | D:6      | Reached XP level 9. HP: 62/84 MP: 8/8
  4888 | D:7      | Reached skill level 5 in Shields
  5042 | D:7      | Found a shattered altar of Ashenzari.
  5190 | D:8      | Reached skill level 9 in Unarmed Combat
  5983 | D:9      | Reached skill level 10 in Unarmed Combat
  6162 | D:9      | Reached XP level 10. HP: 93/93 MP: 9/9
  6229 | D:9      | Noticed a two-headed ogre
  6235 | D:9      | Killed a two-headed ogre
  6343 | D:9      | Reached skill level 11 in Unarmed Combat
  6960 | D:10     | Entered Level 10 of the Dungeon
  7003 | D:10     | Noticed a five-headed hydra
  7016 | D:10     | Mangled by an eight-headed hydra

Skill      XL: |  1  2  3  4  5  6  7  8  9 10 |
---------------+-------------------------------+-----
Dodging        | 3 4 5 6 |  6.7
Shields        | 3 4 5 |  5.9
Unarmed Combat | 3 4 5 6 8 10 11 | 11.3
Fighting       | 3 4 |  4.4
Stealth        | 1 2 |  2.6

Action                   |  1- 3 |  4- 6 |  7- 9 | 10-12 || total
-------------------------+-------+-------+-------+-------++-------
Melee: Unarmed           |   131 |   160 |   396 |   123 ||   810
  Use: Scroll            |     8 |     6 |    10 |     1 ||    25
       Potion            |     1 |       |     2 |       ||     3
 Stab: Sleeping          |       |     1 |     3 |     1 ||     5
       Distracted        |       |       |     1 |       ||     1
  Eat: Chunk             |    17 |    14 |    28 |    10 ||    69
       Bread ration      |       |       |     1 |       ||     1
Armor: Robe              |    29 |    30 |    81 |    13 ||   153
Dodge: Dodged            |    32 |    50 |   126 |    33 ||   241
Block: Shield            |    43 |    64 |   162 |    47 ||   316
